Map: Ruins of Seras

Players

LuciferT - Winner!

  • Race: Protoss Protoss
  • League: Gold

Bagain

  • Race: Protoss Protoss
  • League: Silver

VOD

Have the link to the VOD?

Description

Time

  • Played on: Feb. 1, 2016, 3:56 a.m.
  • Length: 15:51
Show
View Real Time Build Order
Export as new Build Order

LuciferT Protoss - Winner!

Build Orders:  

Get SALT Encoding   

  12  0:01  Probe (Chrono Boost)  
  13  0:13  Probe (Chrono Boost)  
  14  0:25  Pylon  
  14  0:27  Probe (Chrono Boost)  
  15  0:44  Probe (Chrono Boost)  
  16  1:13  Probe (Chrono Boost)  
  16  1:16  Nexus  
  17  1:19  Gateway  
  17  1:24  Probe (Chrono Boost)  
  18  1:28  Assimilator  
  18  1:35  Probe (Chrono Boost)  
  19  1:40  Pylon  
  19  1:45  Probe (Chrono Boost)  
  20  1:52  Assimilator  
  20  1:56  Probe (Chrono Boost)  
  22  2:08  Probe (Chrono Boost)  
  22  2:13  Cybernetics Core  
  22  2:17  Zealot  
  22  2:19  Probe (Chrono Boost)  
  26  2:30  Probe x2 (Chrono Boost)  
  27  2:39  Pylon  
  27  2:42  Forge  
  27  3:02  Probe (Chrono Boost)  
  30  3:06  Mothership Core (Chrono Boost)  
  30  3:08  Stalker  
  30  3:09  Pylon  
  32  3:12  Pylon  
  32  3:17  Probe (Chrono Boost)  
  33  3:24  Probe (Chrono Boost)  
  34  3:29  Stargate  
  34  3:34  Probe (Chrono Boost)  
  34  3:35  Probe (Chrono Boost)  
  36  3:41  Assimilator  
  36  3:46  Stalker  
  39  3:48  Probe (Chrono Boost)  
  39  3:49  Probe (Chrono Boost)  
  40  3:56  Pylon  
  40  4:00  Probe x2 (Chrono Boost)  
  42  4:09  Robotics Facility  
  42  4:16  Oracle (Chrono Boost)  
  45  4:23  Stalker  
  47  4:26  Probe  
  42  4:58  Phoenix (Chrono Boost)  
  44  5:02  Probe  
  45  5:18  Photon Cannon  
  45  5:20  Probe  
  46  5:23  Photon Cannon  
  46  5:48  Probe  
  47  5:54  Twilight Council  
  47  5:56  Pylon  
  47  5:59  Gateway  
  47  6:00  Warp Gate (Chrono Boost)  
  47  6:03  Gateway  
  47  6:06  Gateway  
  47  6:10  Probe  
  47  6:13  Probe  
  49  6:19  Pylon  
  49  6:21  Photon Cannon  
  49  6:24  Photon Cannon  
  49  6:26  Probe  
  49  6:31  Probe  
  51  6:42  Stalker  
  51  6:43  Probe  
  54  6:47  Stalker  
  54  6:50  Stalker  
  54  6:53  Stalker  
  60  6:54  Protoss Ground Weapons Level 1 (Chrono Boost)  
  60  7:12  Dark Shrine  
  60  7:14  Probe  
  61  7:16  Probe  
  61  7:19  Assimilator  
  62  7:33  Probe  
  62  7:34  Pylon x2  
  62  7:36  Pylon, Probe  
  64  7:39  Photon Cannon  
  64  7:48  Probe  
  64  7:50  Blink (Chrono Boost)  
  65  8:24  Nexus  
  65  8:27  Pylon  
  65  8:28  Pylon  
  65  8:31  Pylon  
  65  8:32  Pylon  
  65  8:34  Dark Templar  
  65  8:35  Dark Templar x3  
  65  8:40  Protoss Ground Weapons Level 2 (Chrono Boost)  
  73  8:44  Probe  
  73  8:48  Gateway  
  74  8:52  Gateway  
  74  8:55  Probe  
  74  8:59  Gateway  
  75  9:06  Gateway  
  75  9:08  Probe  
  76  9:11  Probe  
  76  9:16  Photon Cannon  
  77  9:21  Photon Cannon  
  77  9:31  Observer, Probe  
  79  9:40  Forge, Probe x2  
  81  9:51  Stalker  
  81  9:52  Stalker  
  85  9:53  Stalker x2  
  89  10:16  Dark Templar x2  
  89  10:17  Dark Templar x3  
  89  10:18  Dark Templar  
  89  10:20  Probe  
  101  10:21  Probe  
  101  10:23  Probe  
  93  11:34  Stalker x2  
  93  11:35  Stalker x3  
  93  11:36  Stalker x3  
  109  11:40  Protoss Ground Armor Level 1 (Chrono Boost)  
  109  11:43  Protoss Ground Weapons Level 3 (Chrono Boost), Probe  
  109  11:44  Probe  
  109  11:45  Probe  
  112  11:52  Assimilator  
  112  11:55  Assimilator  
  112  11:59  Probe  
  113  12:04  Nexus  
  113  12:07  Charge (Chrono Boost), Pylon, Probe  
  113  12:08  Pylon  
  113  12:09  Pylon  
  113  12:10  Pylon  
  113  12:13  Stalker x3  
  113  12:14  Stalker x3  
  113  12:15  Stalker  
  128  12:29  Gateway  
  128  12:31  Gateway  
  128  12:35  Gateway  
  128  12:38  Photon Cannon  
  128  12:44  Photon Cannon  
  128  12:48  Pylon  
  128  12:55  Phoenix  
  130  13:13  Photon Cannon  
  130  13:15  Photon Cannon  
  130  13:21  Probe x2  
  130  13:22  Probe x2  
  134  13:32  Protoss Ground Armor Level 2 (Chrono Boost)  
  102  14:08  Stalker x3  
  102  14:09  Stalker x2  
  100  14:10  Stalker  
  100  14:11  Stalker  
  100  14:13  Stalker  
  100  14:14  Stalker x2  
  100  14:15  Stalker  
  108  14:29  Pylon  
  108  14:35  Pylon  
  108  14:38  Pylon  
  108  14:49  Dark Templar x3  
  108  14:50  Dark Templar x3  
  108  14:51  Dark Templar x3  
  108  14:52  Dark Templar x2  
  130  14:54  Probe x2  
  130  14:55  Probe x2  
  134  15:03  Assimilator  
  134  15:07  Assimilator  
  134  15:13  Nexus  
  134  15:28  Stalker x2  
  134  15:29  Stalker x2  
  134  15:30  Stalker x4  
  134  15:31  Stalker x2  
  134  15:35  Stalker  
Show
View Real Time Build Order
Export as new Build Order

Bagain Protoss 

Build Orders: Oracle Opening 

Get SALT Encoding   

  12  0:01  Probe (Chrono Boost)  
  14  0:14  Probe (Chrono Boost)  
  14  0:20  Pylon  
  14  0:25  Probe (Chrono Boost)  
  15  0:38  Probe (Chrono Boost)  
  16  0:43  Gateway  
  16  0:49  Probe (Chrono Boost)  
  16  1:17  Gateway  
  16  1:23  Probe (Chrono Boost)  
  16  1:24  Assimilator  
  17  1:29  Assimilator  
  17  1:32  Zealot (Chrono Boost)  
  19  1:34  Probe  
  20  1:46  Probe  
  21  1:55  Cybernetics Core  
  21  1:57  Zealot (Chrono Boost)  
  23  2:06  Pylon  
  23  2:24  Probe  
  23  2:26  Nexus  
  24  2:37  Probe  
  25  2:53  Stargate  
  25  2:57  Adept (Chrono Boost)  
  29  3:01  Adept (Chrono Boost)  
  29  3:07  Probe  
  29  3:09  Pylon  
  29  3:11  Warp Gate  
  30  3:19  Probe (Chrono Boost)  
  31  3:33  Assimilator  
  35  3:41  Oracle (Chrono Boost)  
  31  3:45  Adept  
  37  3:48  Probe x2  
  38  3:59  Probe  
  38  4:00  Probe  
  40  4:09  Probe  
  40  4:13  Mothership Core  
  40  4:15  Adept  
  40  4:16  Adept  
  47  4:20  Probe  
  48  4:58  Pylon  
  48  5:02  Forge  
  48  5:05  Forge  
  48  5:06  Probe  
  48  5:07  Probe  
  50  5:14  Twilight Council, Assimilator  
  50  5:17  Probe  
  50  5:19  Probe  
  50  5:20  Pylon  
  52  5:23  Pylon  
  52  5:32  Probe  
  49  5:41  Probe  
  48  5:44  Probe  
  50  5:52  Photon Cannon  
  50  5:53  Probe (Chrono Boost)  
  50  5:55  Photon Cannon  
  50  5:56  Protoss Ground Armor Level 1, Protoss Ground Weapons Level 1, Probe (Chrono Boost)  
  52  5:58  Photon Cannon  
  52  6:04  Probe (Chrono Boost)  
  52  6:06  Stalker  
  52  6:08  Probe (Chrono Boost)  
  56  6:15  Probe (Chrono Boost)  
  54  6:35  Gateway  
  54  6:36  Gateway  
  54  6:39  Gateway, Probe (Chrono Boost)  
  56  6:40  Probe (Chrono Boost)  
  56  6:50  Stargate  
  56  6:54  Probe (Chrono Boost)  
  56  6:55  Probe (Chrono Boost)  
  56  6:56  Protoss Air Weapons Level 1  
  58  7:01  Stalker x2  
  62  7:14  Photon Cannon  
  62  7:16  Photon Cannon  
  62  7:20  Photon Cannon  
  62  7:35  Stalker x2  
  62  7:36  Stalker x2  
  70  7:43  Probe x2 (Chrono Boost)  
  72  7:53  Probe x2 (Chrono Boost)  
  72  7:55  Void Ray (Chrono Boost)  
  77  8:14  Pylon  
  77  8:17  Pylon  
  77  8:19  Probe  
  78  8:27  Pylon  
  78  8:30  Pylon  
  78  8:32  Void Ray (Chrono Boost), Probe x2  
  84  8:39  Void Ray (Chrono Boost)  
  88  8:44  Probe  
  89  8:54  Sentry  
  89  8:55  Sentry x4  
  103  9:10  Void Ray (Chrono Boost)  
  103  9:19  Nexus  
  103  9:20  Assimilator  
  103  9:23  Assimilator  
  103  9:28  Pylon  
  103  9:32  Pylon  
  103  9:33  Pylon  
  103  9:38  Stalker  
  105  9:39  Stalker  
  107  9:55  Probe x2  
  107  9:57  Photon Cannon  
  109  10:02  Photon Cannon  
  109  10:06  Photon Cannon  
  109  10:10  Stalker  
  109  10:11  Stalker  
  109  10:13  Sentry  
  115  10:15  Sentry  
  115  10:20  Probe x2  
  119  10:32  Probe x2  
  125  10:36  Void Ray (Chrono Boost)  
  111  10:56  Stalker, Photon Cannon  
  113  10:59  Photon Cannon  
  113  11:00  Probe  
  113  11:01  Probe x2  
  113  11:03  Photon Cannon  
  114  11:13  Probe  
  114  11:14  Probe  
  116  11:31  Robotics Facility  
  116  11:34  Oracle x2 (Chrono Boost)  
  122  11:43  Assimilator x2  
  122  11:45  Pylon  
  122  12:02  Nexus  
  122  12:18  Stalker x2  
  122  12:19  Stalker x3  
  122  12:21  Observer (Chrono Boost)  
  133  12:25  Pylon  
  133  12:38  Void Ray (Chrono Boost)  
  133  12:42  Observer (Chrono Boost)  
  133  12:43  Void Ray  
  142  13:36  Stalker x4, Pylon  
  142  13:37  Stalker  
  142  13:38  Pylon  
  142  13:40  Pylon  
  152  13:42  Pylon  
  108  14:06  Void Ray  
  108  14:09  Stalker x5  
  90  14:12  Immortal (Chrono Boost), Void Ray  
  80  14:32  Adept  
  80  14:34  Nexus  
  80  14:36  Adept, Assimilator  
  84  14:59  Probe  
  85  15:09  Probe  
  85  15:12  Adept x5  
Tags
 
Matchup
PvP
Replay Pack
rep
Add a new tag
Caveats
  • Supply blocks, unpowered buildings, or Contaminate may cause inaccurate times.
  • Supply counts are checked every 10 seconds.